 Dungeon Crawl Stone Soup version 0.28-a0-691-gad6df49e81 (webtiles) character file.

Game seed: 8061517406356559224

49 EiAlmux the Shooter (level 3, 27/31 HPs)
             Began as a Minotaur Hunter on Oct 21, 2021.
             Quit the game on level 2 of the Dungeon.
             The game lasted 00:02:54 (1222 turns).

EiAlmux the Shooter (Minotaur Hunter)               Turns: 1222, Time: 00:02:54

Health: 27/31      AC:  3    Str: 16    XL:     3   Next: 51%
Magic:  2/2        EV: 11    Int:  8    God:
Gold:   65         SH:  5    Dex: 11    Spells: 2/2 levels left

rFire   . . .      SeeInvis .   a - +1 shortbow
rCold   . . .      Faith    .   (shield currently unavailable)
rNeg    . . .      Spirit   .   c - +0 leather armour
rPois   .          Reflect  +   (helmet restricted)
rElec   .          Harm     .   (no cloak)
rCorr   .          Rampage  .   (no gloves)
Will    .....                   (no boots)
Stlth   ++........              e - amulet of reflection
HPRegen 0.10/turn               (no ring)
MPRegen 0.08/turn               (no ring)

@: no status effects
A: horns 2, retaliatory headbutt
a: no special abilities


You were on level 2 of the Dungeon.
You visited 1 branch of the dungeon, and saw 3 of its levels.

You collected 65 gold pieces.

Inventory:

Hand Weapons
 a - a +1 shortbow (weapon)
 b - a +0 short sword
Armour
 c - a +0 leather armour (worn)
Jewellery
 e - an amulet of reflection (around neck)
Scrolls
 g - a scroll of fear {unknown}
 h - a scroll of identify {unknown}
Potions
 f - a potion of ambrosia {unknown}
 i - a potion of might {unknown}


   Skills:
 + Level 3.3 Fighting
 + Level 4.9 Bows
 - Level 2.1 Dodging
 + Level 1.9 Stealth


You had 2 spell levels left.
You didn't know any spells.
Your spell library was empty.

Dungeon Overview and Level Annotations

Branches:
Dungeon (3/15)

Altars:

Annotations:
D:2 Jessica, Sigmund


Innate Abilities, Weirdness & Mutations

You have a pair of horns on your head.
You reflexively headbutt those who attack you in melee.


Message History

You climb downwards.
Found a twisted iron wand.
There is a stone staircase leading up here.
You shoot an arrow. The arrow closely misses the rat.
The orc shouts!
You block the rat's attack.
You hear a shout! x2
You shoot an arrow. The arrow hits the rat!
You kill the rat!
You hear a shout! x6
An orc comes into view. It is wielding a +0 club.
An orc comes into view. It is wielding a +0 mace.
You hear a shout!
You shoot an arrow. The arrow hits the orc!
You kill the orc!
You hear a shout! x2
An orc comes into view. It is wielding a +0 whip.
You shoot an arrow. The arrow closely misses the orc.
You shoot an arrow. The arrow closely misses the orc.
You shoot an arrow. The arrow closely misses the orc.
The orc hits you but does no damage.
An orc comes into view. It is wielding a +0 hand axe.
You shoot an arrow. The orc shouts!
The arrow hits the orc.
The orc is heavily wounded.
An orc comes into view. It is wielding a +0 flail.
The orc barely misses you.
An orc comes into view. It is wielding a +0 flail.
An orc comes into view. It is wielding a +0 short sword.
You do not have any ammo quivered for your +1 shortbow.
You can't go down here!
The orc closely misses you. You furiously retaliate!
You headbutt the orc! You block the orc's attack.
You climb upwards.
Level annotation: Jessica, Sigmund The dart slug launches a dart at you.
The slug dart hits you.
There is a stone staircase leading down here.
Are you sure you want to abandon this character and quit the game? (Confirm with "yes".)

#.## ####..# #.# #@ .#
####.# ### ###### ..
..... .... ##.....## #
#.... .... ##.......##
#....
.....#.........#####....
.....#..................
...............# #...<
..w....@o......# #....
.$.....o†......# ###..
....$#...^.....# #...
...............######...
.....#..................
######..)......######...
#.........# ####
##.......## ##.....##


You could see a dart slug and 2 orcs.

Vanquished Creatures
  An adder (D:2)
  A dart slug (D:1)
  An orc (D:3)
  2 endoplasms (D:1)
  2 giant cockroaches (D:1)
  5 goblins (D:1)
  5 hobgoblins (D:1)
  2 quokkas (D:1)
  A ball python (D:2)
  4 bats
  4 frilled lizards (D:1)
  4 kobolds
  3 rats
35 creatures vanquished.

Notes
Turn   | Place    | Note
-------+----------+-------------------------------------------
     0 | D:1      | EiAlmux the Minotaur Hunter began the quest for the Orb.
     0 | D:1      | Reached XP level 1. HP: 18/18 MP: 0/0
   182 | D:1      | Reached skill level 1 in Stealth
   391 | D:1      | Reached XP level 2. HP: 25/25 MP: 1/1
   668 | D:1      | Reached XP level 3. HP: 31/31 MP: 2/2
  1131 | D:2      | Noticed Sigmund
  1134 | D:2      | Noticed Jessica
  1222 | D:2      | Quit the game

Illustrated notes

Levels and vault maps discovered:
D:1:      scummos_arrival_checkerplants, layout_basic
D:2:      layout_rooms, serial_shops, shop, uniq_jessica, uniq_natasha,
          uniq_sigmund
D:3:      layout_basic, grunt_nemelex_the_gamble, serial_shops,
          nicolae_shop_crystal, uniq_robin

Skill      XL: |  1  2 |
---------------+-------+-----
Stealth        | 1 |  1.9
Fighting       | 3 |  3.3
Bows           | |  4.9
Dodging        | |  2.1

Action                   || total
-------------------------++-------
 Fire: Shortbow          ||    87
Armor: Leather armour    ||     8
Dodge: Dodged            ||    17
Block: Other             ||     6

Table legend: (Time is in decaauts)
 A = Elapsed time spent in this place.
 B = Non-inter-level travel time spent in this place.
 C = Inter-level travel time spent in this place.
 D = Time resting spent in this place.
 E = Time spent auto-exploring this place.
 F = Levels seen in this place.
 G = Mean time per level.
                   A        B        C        D        E       F      G
               +--------+--------+--------+--------+--------+-----+--------+
         Total |   1228 |   1164 |     64 |      0 |    942 |   3 |  409.3 |
       Dungeon |   1228 |   1164 |     64 |      0 |    942 |   3 |  409.3 |
               +--------+--------+--------+--------+--------+-----+--------+

Top non-repeatable levels by time:
     D:1: 1050 daAuts
     D:2: 169 daAuts
     D:3: 8 daAuts
